 Dungeon Crawl Stone Soup version 0.30-a0-313-gae38170b09 (webtiles) character file.

Game seed: 8887347484389718890

314 Babtu the Chopper (level 6, -1/56 HPs)
             Began as a Hill Orc Berserker on Oct 26, 2022.
             Was a Priest of Trog.
             Slain by Edmund
             ... wielding a +1 vorpal dire flail
              (2 damage)
             ... on level 4 of the Dungeon.
             The game lasted 00:26:50 (3971 turns).

Babtu the Chopper (Hill Orc Berserker)              Turns: 3971, Time: 00:26:51

Health: -1/56      AC: 12    Str: 22    XL:     6   Next: 43%
Magic:  0/6        EV:  6    Int:  7    God:    Trog [***...]
Gold:   126        SH:  3    Dex: 10    Spells: 5/5 levels left

rFire   . . .      SeeInvis .    a - +0 hand axe
rCold   . . .      Faith    .    d - +0 buckler
rNeg    . . .      Spirit   +    c - +0 plate armour
rPois   .          Reflect  .    m - +0 helmet
rElec   .          Harm     .    (no cloak)
rCorr   .          Rampage  .    (no gloves)
Will    .....                    (no boots)
Stlth   ..........               k - amulet of guardian spirit
HPRegen 0.29/turn                (no ring)
MPRegen 0.10/turn                (no ring)

@: about to teleport
A: no striking features
a: Renounce Religion, Berserk, Trog's Hand


You were on level 4 of the Dungeon.
You worshipped Trog.
Trog was most pleased with you.
You visited 1 branch of the dungeon, and saw 4 of its levels.

You collected 126 gold pieces.

Inventory:

Hand Weapons
 a - a +0 hand axe (weapon)
 l - a +3 vampiric dagger
 q - a +0 spear
Missiles
 r - 5 curare-tipped darts (quivered)
Armour
 c - a +0 plate armour (worn)
 d - a +0 buckler (worn)
 m - a +0 helmet (worn)
Magical Staves
 i - a staff of conjuration
Jewellery
 k - an amulet of guardian spirit (around neck)
 s - a ring of fire
Scrolls
 b - a scroll of enchant weapon
 e - a scroll of teleportation
 h - a scroll of poison {unknown}
 o - a scroll of noise {unknown}
 p - a scroll of fog
Potions
 g - a potion of degeneration {unknown}
 j - a potion of mutation {unknown}
 n - 2 potions of attraction {unknown}


   Skills:
 + Level 5.2 Fighting
 + Level 6.1 Axes
 + Level 3.6 Armour
 + Level 2.9 Dodging


You had 5 spell levels left.
You didn't know any spells.
Your spell library contained the following spells:

 Spells                   Type           Power      Damage    Failure   Level
 Ozocubu's Armour         Ice            0%         N/A       100%        3
 Ozocubu's Refrigeration  Ice            0%         4d7       100%        7


Dungeon Overview and Level Annotations

Branches:
Dungeon (4/15)
 Temple: D:4-7

Altars:
Beogh

Annotations:
D:3 3 runed translucent doors, Bnni's ghost, amateur FoHu
D:4 Edmund; Pikel


Message History

Edmund is heavily wounded.
Edmund hits you but does no damage.
You closely miss Edmund.
Edmund is heavily wounded.
Edmund hits you with a +1 vorpal dire flail.
You feel much better.
Edmund hits you with a +1 vorpal dire flail!
You closely miss Edmund.
Edmund is heavily wounded.
Edmund hits you with a +1 vorpal dire flail!
You hit Edmund.
Edmund is severely wounded.
You block Edmund's attack.
You barely miss Edmund.
Edmund is severely wounded.
Edmund hits you but does no damage.
An orc comes into view. It is wielding a staff of cold.
Edmund hits you but does no damage.
The orc shouts!
You hit Edmund.
Edmund is severely wounded.
Edmund hits you with a +1 vorpal dire flail.
You barely miss Edmund.
Edmund is severely wounded.
Edmund hits you with a +1 vorpal dire flail.
* * * LOW HITPOINT WARNING * * *
x2 You barely miss Edmund.
Edmund is severely wounded.
Edmund hits you with a +1 vorpal dire flail.
* * * LOW HITPOINT WARNING * * *
x2
Press: ? - help, v - describe, . - travel
Here: Edmund, wielding a +1 vorpal dire flail and wearing a +0 leather armour (severely wounded)
The floor, spattered with blood.
As you read the scroll of teleportation, it crumbles to dust.
You feel strangely unstable. Edmund hits you but does no damage.
Pikel cracks his whip.
Edmund attacks as you move away!
Edmund hits you with a +1 vorpal dire flail!
* * * LOW HITPOINT WARNING * * *
You die...

#.#####..##.#..#
#........##....# ###
#.######.##.#..# #..
#+# #.##.#..####.#
#.##......##.#
#.......#.##.#
####.#.##.##.#
####....##.##5##.#...
+.........@@K5o......
####.......##5.......
##..#########.#..#
##.# # # #.# #.# #.#
#.# #.#


You could see Edmund, Pikel, 3 lemures and an orc.

Vanquished Creatures
  Sigmund (D:3)
  A lemure (D:4)
  A hound (D:4)
  Robin (D:3)
  An adder (D:3)
  2 river rats (D:3)
  3 worms
  A dart slug (D:1)
  5 endoplasms
  5 giant cockroaches
  15 goblins
  8 hobgoblins
  6 jackals
  4 kobolds
  4 quokkas
  6 ball pythons
  6 bats
  A frilled lizard (D:1)
  7 rats
78 creatures vanquished.

Vanquished Creatures (others)
  3 plants (D:3)
3 creatures vanquished.

Grand Total: 81 creatures vanquished

Notes
Turn   | Place    | Note
-------+----------+-------------------------------------------
     0 | D:1      | Babtu the Hill Orc Berserker began the quest for the Orb.
     0 | D:1      | Reached XP level 1. HP: 19/19 MP: 1/1
   264 | D:1      | Reached XP level 2. HP: 24/27 MP: 2/2
   425 | D:1      | Found a faded altar of an unknown god.
   635 | D:1      | Reached XP level 3. HP: 28/33 MP: 3/3
   659 | D:1      | Reached ** piety under Trog
  2613 | D:3      | Reached skill level 5 in Axes
  2627 | D:3      | Reached XP level 4. HP: 17/41 MP: 1/4
  2850 | D:3      | Found a runed translucent gate.
  2850 | D:3      | Noticed Bnni's ghost (amateur FoHu)
  2851 | D:3      | Found a runed translucent gate.
  2852 | D:3      | Found a runed translucent gate.
  3026 | D:3      | Noticed Robin
  3067 | D:3      | Killed Robin
  3085 | D:3      | Noticed Sigmund
  3104 | D:3      | Killed Sigmund
  3104 | D:3      | Reached *** piety under Trog
  3105 | D:3      | Reached skill level 5 in Fighting
  3105 | D:3      | Reached skill level 6 in Axes
  3105 | D:3      | Reached XP level 5. HP: 47/48 MP: 5/5
  3105 | D:3      | Reached XP level 6. HP: 54/56 MP: 6/6
  3431 | D:3      | Identified the +1 war axe of Xeitet Akeni {freeze, rC-
                  | Dex+3 SInv Stlth+}
  3614 | D:3      | Found a roughly hewn altar of Beogh.
  3918 | D:4      | Noticed Edmund
  3923 | D:4      | Noticed Pikel
  3971 | D:4      | HP: 1/56 [Edmund/+1 vorpal dire flail (10)]
  3971 | D:4      | Slain by Edmund

Illustrated notes

Levels and vault maps discovered:
D:1:      spicycebolla_arrival_risky_transporter, layout_loops_corners,
          hellmonk_ecumenical_altar_dog_temple, dk_noncrumbling_4,
          minmay_door_square
D:2:      layout_loops_corners, chequers_arboretum
D:3:      layout_basic, portal_sewer_entry_e, biasface_ghost_orc_armoury,
          serial_forest, infiniplex_forest_end_double,
          infiniplex_forest_clump_curved, infiniplex_forest_end_3,
          infiniplex_forest_lined_2, infiniplex_forest_clump_double,
          uniq_sigmund, uniq_robin
D:4:      layout_loops_corners, minmay_temple_entry_slanted, uniq_ijyb,
          uniq_natasha, uniq_pikel, uniq_edmund, uniq_crazy_yiuf_cottage

Skill      XL: |  1  2  3  4 |
---------------+-------------+-----
Fighting       | 4 5 |  5.2
Dodging        | 2 |  2.9
Axes           | 5 6 |  6.1
Armour         | 3 |  3.6

Action                   |  1- 3 |  4- 6 || total
-------------------------+-------+-------++-------
Melee: Hand axe          |   145 |   200 ||   345
  Use: Potion            |     5 |     2 ||     7
       Scroll            |     2 |     5 ||     7
 Stab: Sleeping          |     1 |       ||     1
Armor: Animal skin       |    17 |       ||    17
       Plate armour      |       |   105 ||   105
Dodge: Dodged            |    87 |    51 ||   138
Block: Buckler           |     2 |    24 ||    26

Table legend: (Time is in decaauts)
 A = Elapsed time spent in this place.
 B = Non-inter-level travel time spent in this place.
 C = Inter-level travel time spent in this place.
 D = Time resting spent in this place.
 E = Time spent auto-exploring this place.
 F = Levels seen in this place.
 G = Mean time per level.
                   A        B        C        D        E       F      G
               +--------+--------+--------+--------+--------+-----+--------+
         Total |   3986 |   3934 |     52 |    200 |   2451 |   4 |  996.5 |
       Dungeon |   3986 |   3934 |     52 |    200 |   2451 |   4 |  996.5 |
               +--------+--------+--------+--------+--------+-----+--------+

Top non-repeatable levels by time:
     D:1: 1555 daAuts
     D:3: 1149 daAuts
     D:2: 1108 daAuts
     D:4: 171 daAuts
